 Dungeon Crawl Stone Soup version 0.17-a0-2002-g92c7e20 (webtiles) character file.

259 graki42 the Magician (level 5, -3/28 HPs)
             Began as a Deep Elf Fire Elementalist on Oct 8, 2015.
             Slain by an iguana (9 damage)
             ... on level 4 of the Dungeon.
             The game lasted 00:09:54 (2439 turns).

graki42 the Magician (Deep Elf Fire Elementalist)   Turns: 2439, Time: 00:09:54

Health: -3/28      AC:  4    Str:  6    XL:     5   Next: 95%
Magic:  7/14       EV: 13    Int: 20    God:
Gold:   139        SH:  0    Dex: 15    Spells: 4 memorised, 3 levels left

rFire  . . .     SeeInvis .     (no weapon)
rCold  . . .     Clarity  .     a - +0 robe
rNeg   . . .     SustAt   .     (no shield)
rPois  .         Gourm    .     (no helmet)
rElec  .         Spirit   .     (no cloak)
rCorr  .         Warding  .     (no gloves)
rMut   .         Stasis   .     o - +1 pair of boots
MR     .....                    (no amulet)
Stlth  ++........               (no ring)
                                (no ring)

@: not resistant to hostile enchantments, unstealthy
A: no striking features
a: no special abilities


You were on level 4 of the Dungeon.
You were not hungry.

You visited 1 branch of the dungeon, and saw 4 of its levels.

You collected 139 gold pieces.

Inventory:

Armour
 a - a +0 robe (worn)
 o - a +1 pair of boots (worn)
Jewellery
 l - a +4 ring of evasion {unknown}
Scrolls
 d - a scroll of remove curse {unknown}
 g - 3 scrolls of enchant armour {unknown}
 i - 2 scrolls of random uselessness {unknown}
 j - 3 scrolls of identify {unknown}
Potions
 e - a potion of mutation {unknown}
 f - 3 potions of curing {unknown}
 m - a potion of degeneration {unknown}
 p - a potion of ambrosia {unknown}
 r - a potion of might {unknown}
Books
 b - a book of Flames

   Spells                             Type                      Level
   a - Flame Tongue                   Conjuration/Fire             1
   b - Throw Flame                    Conjuration/Fire             2
   c - Conjure Flame                  Conjuration/Fire             3
   d - Inner Flame                    Hexes/Fire                   3
   e - Sticky Flame                   Conjuration/Fire             4
   f - Fireball                       Conjuration/Fire             5
 k - a book of Changes

   Spells                             Type                      Level
   a - Beastly Appendage              Transmutation                1
   b - Sticks to Snakes               Transmutation                2
   c - Spider Form                    Transmutation/Poison         3
   d - Ice Form                       Ice/Transmutation            4
   e - Blade Hands                    Transmutation                5
 t - a book of Frost

   Spells                             Type                      Level
   a - Freeze                         Ice                          1
   b - Throw Frost                    Conjuration/Ice              2
   c - Ozocubu's Armour               Charms/Ice                   3
   d - Throw Icicle                   Conjuration/Ice              4
   e - Summon Ice Beast               Ice/Summoning                4
   f - Condensation Shield            Ice                          4
Comestibles
 c - 3 bread rations
 h - 3 royal jellies
 n - 2 chunks of flesh
 q - a meat ration
 s - a beef jerky


   Skills:
 + Level 0.1 Fighting
 + Level 3.0 Dodging
 + Level 2.4 Stealth
 + Level 5.4 Spellcasting
 + Level 3.0 Conjurations
 + Level 0.6 Hexes
 + Level 5.1 Fire Magic


You had 3 spell levels left.
You knew the following spells:

 Your Spells              Type           Power        Failure   Level  Hunger
a - Flame Tongue          Conj/Fire      ###..        2%          1    None
b - Conjure Flame         Conj/Fire      ###.....     10%         3    ##.....
c - Inner Flame           Hex/Fire       ###.....     12%         3    ##.....
d - Sticky Flame          Conj/Fire      ###.....     24%         4    ####...


Dungeon Overview and Level Annotations

Branches:
Dungeon (4/15)
 Temple: D:4-7

Altars:


Message History

The iguana is moderately wounded.
The iguana bites you!
The giant newt bites you but does no damage.
Casting: Flame Tongue
Confirm with . or Enter, or press ? or * to list all spells.
Aiming: Flame Tongue
Press: ? - help, Shift-Dir - straight line, f - iguana, p - giant newt
Aim: an iguana (moderately wounded)
The flame tongue misses the iguana.
The iguana bites you!
* * * LOW HITPOINT WARNING * * *
The giant newt bites you but does no damage.
Casting: Flame Tongue
Confirm with . or Enter, or press ? or * to list all spells.
Aiming: Flame Tongue
Press: ? - help, Shift-Dir - straight line, f/p - iguana
Aim: an iguana (moderately wounded)
The flame tongue hits the iguana.
The iguana is heavily wounded.
The iguana bites you!
You die...

##.....# .#
#.....## ..##
#..#...## ...#
#.###...###...##
#.. ###..[.....#
#.# #.........
.. ##........
... #..##....
#@.......
#ll.....#
.......##
........#
.........#
........#..#
.....#####..#
...... .#


You could see an iguana and a giant newt (inner flame).

Vanquished Creatures
  A hound (D:3)
  2 orc wizards (D:4)
  8 gnolls
  4 adders
  An ooze (D:1)
  A worm (D:3)
  An orc (D:4)
  4 giant cockroaches
  7 goblins
  6 hobgoblins
  2 jackals (D:1)
  A ball python (D:3)
  5 bats
  3 giant newts (D:2)
  9 kobolds
  17 rats
72 creatures vanquished.

Notes
Turn   | Place    | Note
--------------------------------------------------------------
     0 | D:1      | graki42 the Deep Elf Fire Elementalist began the quest for the Orb.
     0 | D:1      | Reached XP level 1. HP: 10/10 MP: 6/6
   535 | D:1      | Reached XP level 2. HP: 15/15 MP: 6/8
   873 | D:1      | Reached skill level 4 in Fire Magic
  1066 | D:2      | Reached XP level 3. HP: 19/19 MP: 3/10
  1323 | D:2      | Reached XP level 4. HP: 6/24 MP: 1/12
  1548 | D:2      | Learned a level 3 spell: Conjure Flame
  1552 | D:2      | Learned a level 3 spell: Inner Flame
  2114 | D:3      | Reached XP level 5. HP: 25/28 MP: 4/14
  2259 | D:3      | Reached skill level 5 in Spellcasting
  2354 | D:3      | You fall through a shaft!
  2359 | D:4      | Reached skill level 5 in Fire Magic
  2423 | D:4      | Learned a level 4 spell: Sticky Flame
  2439 | D:4      | Slain by an iguana

Vault maps used:
D:1:      dpeg_arrival_pits, serial_curves, eino_curves_03, eino_curves_03,
          minivault_19, minmay_misc_feat_tiny
D:2:      minmay_rat_gold_closets
D:3:      led_sif_pool
D:4:      minmay_temple_entry_overgrown, kennysheep_generic_room_9

Action                   |  1- 3 |  4- 6 || total
-------------------------+-------+-------++-------
Melee: Unarmed           |     3 |       ||     3
 Cast: Flame Tongue      |    64 |    72 ||   136
       Inner Flame       |       |     3 ||     3
       Conjure Flame     |       |     1 ||     1
  Eat: Chunk             |     1 |     4 ||     5
